 Dungeon Crawl Stone Soup version 0.20.1-1-g8b1a95d (console) character file.

280 rafael the Gusty (level 6, -2/36 HPs)
             Began as a Halfling Air Elementalist on July 7, 2017.
             Was an Initiate of Ashenzari.
             Killed by nerve-wracking pain
             ... invoked by a shadow imp
             ... summoned by Natasha
              (9 damage)
             ... on level 4 of the Dungeon.
             The game lasted 00:08:55 (2047 turns).

rafael the Gusty (Halfling Air Elementalist)        Turns: 2047, Time: 00:08:56

Health: -2/36      AC:  4    Str:  9    XL:     6   Next: 52%
Magic:  8/8        EV: 21    Int: 15    God:    Ashenzari [......]
Gold:   155        SH:  0    Dex: 20    Spells: 3/8 levels left

rFire    + + .     SeeInvis .   E - +2 flail (pain)
rCold    + . .     Gourm    .   (shield restricted)
rNeg     . . .     Faith    .   d - +0 leather armour (curse)
rPois    +         Spirit   .   D - +0 helmet
rElec    +         Reflect  .   H - scarf {repulsion}
rCorr    +         Harm     .   (no gloves)
MR       .....                  (no boots)
Stlth    ++........             (no amulet)
Regen    0.2/turn               w - ring of resist corrosion
MPRegen  0.2/turn               y - ring of protection from fire

@: confused, agile, resistant, hasted, repel missiles, very quick
A: mutation resistance 1, electricity resistance
a: Curse Item, Renounce Religion


You were on level 4 of the Dungeon.
You worshipped Ashenzari.
Ashenzari was noncommittal.
You were not hungry.

You visited 1 branch of the dungeon, and saw 4 of its levels.

You collected 155 gold pieces.

Inventory:

Hand Weapons
 E - a +2 flail of pain (weapon)
Missiles
 j - 35 poisoned needles
 x - 7 tomahawks (quivered)
 C - 7 needles of confusion
Armour
 d - a cursed +0 leather armour (worn)
 D - a +0 helmet (worn)
 H - a scarf of repulsion (worn)
Magical Staves
 F - an uncursed staff of wizardry
Jewellery
 w - a ring of resist corrosion (left hand)
 y - a ring of protection from fire (right hand)
 L - an uncursed ring of protection from cold
Wands
 v - a wand of digging (7/24)
Scrolls
 a - a scroll of fear {unknown}
 h - a scroll of amnesia {unknown}
 i - a scroll of enchant armour {unknown}
 k - 2 scrolls of blinking {unknown}
 n - 3 scrolls of identify {unknown}
 t - 2 scrolls of recharging {unknown}
 z - a scroll of fog {unknown}
 I - a scroll of teleportation {unknown}
 K - a scroll of remove curse
Potions
 g - 4 potions of might
 l - a potion of flight
 m - 2 potions of heal wounds
 J - a potion of degeneration {unknown}
Books
 b - a book of Air

   Spells                             Type                      Level
   a - Shock                          Conjuration/Air              1
   b - Swiftness                      Charms/Air                   2
   c - Static Discharge               Conjuration/Air              3
   d - Airstrike                      Air                          4
   e - Lightning Bolt                 Conjuration/Air              5
Comestibles
 c - 5 bread rations
 o - a royal jelly
 p - 2 fruits
 B - a meat ration


   Skills:
 + Level 3.8 Dodging
 + Level 4.0 Stealth
 - Level 1.5 Spellcasting
 - Level 0.7 Conjurations
 * Level 5.3 Air Magic


You had 3 spell levels left.
You knew the following spells:

 Your Spells              Type           Power        Failure   Level  Hunger
a - Shock                 Conj/Air       ##..         10%         1    ##.....
b - Airstrike             Air            ###.......   34%         4    #####..


Dungeon Overview and Level Annotations

Branches:
Dungeon (4/15)
 Temple: D:4-7

Altars:
Ashenzari
Xom

Annotations:
D:4 Natasha


Innate Abilities, Weirdness & Mutations

You are small and have problems with some larger weapons.
You are somewhat resistant to further mutation.
You are resistant to electric shocks. (rElec)


Message History

Unknown command.
It was a potion of agility.
You feel agile all of a sudden.
It was a potion of mutation.
You feel extremely strange.
Your toenails lengthen and sharpen.
You feel extremely strange.
Your talons dull and shrink into feet.
You feel insulated.
Unknown command.
It was a potion of resistance.
You feel protected.
It was a potion of haste.
You feel yourself speed up.
It was a potion of ambrosia.
You are confused.
You feel invigorated. The shadow imp gestures at you.
Pain shoots through your body!
* * * LOW HITPOINT WARNING * * *
The shadow imp gestures at you. Pain shoots through your body!
You die...

### ##.##
################.#.###
#....@<.........###...
#5##############.#.###
#.# ......
#####.###### ##.####
#..........# #.#
#.###......#####5 #.#
#.......h...5. # #
#.......#####.
..........#


You could see a shadow imp.

Vanquished Creatures
  Sigmund (D:2)
  A worker ant (D:4)
  3 adders
  An ooze (D:1)
  An orc (D:3)
  5 giant cockroaches
  10 goblins
  5 hobgoblins
  7 jackals
  2 kobolds (D:2)
  A quokka (D:3)
  3 ball pythons
  10 bats
  4 frilled lizards
  8 rats
62 creatures vanquished.

Notes
Turn   | Place    | Note
-------+----------+-------------------------------------------
     0 | D:1      | rafael the Halfling Air Elementalist began the quest for the Orb.
     0 | D:1      | Reached XP level 1. HP: 11/11 MP: 3/3
   122 | D:1      | Reached XP level 2. HP: 10/17 MP: 2/4
   261 | D:1      | Reached XP level 3. HP: 9/21 MP: 0/5
   867 | D:2      | Found a shimmering altar of Xom.
  1096 | D:2      | Noticed Sigmund
  1119 | D:2      | Killed Sigmund
  1119 | D:2      | Reached skill level 5 in Air Magic
  1119 | D:2      | Reached XP level 4. HP: 13/27 MP: 6/6
  1119 | D:2      | Reached XP level 5. HP: 15/31 MP: 7/7
  1119 | D:2      | Reached XP level 6. HP: 17/36 MP: 8/8
  1327 | D:2      | Found a shattered altar of Ashenzari.
  1332 | D:2      | Became a worshipper of Ashenzari the Shackled
  1988 | D:4      | Learned a level 4 spell: Airstrike
  2026 | D:4      | Noticed Natasha
  2040 | D:4      | Gained mutation: You have sharp toenails. [potion of mutation]
  2041 | D:4      | Lost mutation: You have sharp toenails. [potion of mutation]
  2041 | D:4      | Gained mutation: You are resistant to electric shocks. (rElec) [potion of mutation]
  2047 | D:4      | Killed from afar by a shadow imp

Skill      XL: |  1  2  3  4  5  6 |
---------------+-------------------+-----
Dodging        | 3 |  3.8
Stealth        | 3 4 |  4.0
Air Magic      | 5 |  5.3
Spellcasting   | |  1.5
Conjurations   | |  0.7

Action                   |  1- 3 |  4- 6 || total
-------------------------+-------+-------++-------
Melee: Spear             |    73 |     5 ||    78
       Unarmed           |     4 |       ||     4
       Flail             |       |    20 ||    20
 Cast: Shock             |    43 |    35 ||    78
  Use: Potion            |     3 |     6 ||     9
 Stab: Sleeping          |     2 |     4 ||     6
  Eat: Chunk             |     3 |     3 ||     6
Armor: Leather armour    |    27 |    11 ||    38
       Robe              |     1 |       ||     1
Dodge: Dodged            |    76 |    47 ||   123
       Deflected         |       |     1 ||     1
